 Dungeon Crawl Stone Soup version 0.28-a0-1396-gdcb3f3653b (webtiles) character file.

Game seed: 16665024013128029119

83238 Majang the Swashbuckler (level 16, -6/100 HPs)
             Began as a Kobold Berserker on Jan 5, 2022.
             Was a High Priest of Trog.
             Killed by divine providence
             ... invoked by a meliai
              (13 damage)
             ... on level 1 of the Spider Nest.
             The game lasted 02:02:41 (32748 turns).

Majang the Swashbuckler (Kobold Berserker)         Turns: 32748, Time: 02:02:42

Health: -6/100     AC: 19    Str: 25    XL:     16   Next: 23%
Magic:  9/16       EV: 21    Int:  9    God:    Trog [*****.]
Gold:   1278       SH: 14    Dex: 23    Spells: 15/15 levels left

rFire   . . .      SeeInvis +   b - +9 quick blade (flame)
rCold   . . .      Faith    .   A - +2 buckler
rNeg    . . .      Spirit   .   C - +4 chain mail {rPois}
rPois   +          Reflect  +   x - +0 hat {SInv}
rElec   .          Harm     .   l - scarf {+Inv}
rCorr   .          Rampage  .   q - +0 pair of gloves {infuse}
Will    +....      Rage     1%  D - +0 pair of boots
Stlth   ++++......              v - amulet of reflection
HPRegen 0.26/turn               m - +6 ring of strength
MPRegen 0.15/turn               I - +6 ring of dexterity

@: hasted, studying Evocations, very quick
A: small, no large weapons, nightstalker 3, iridescent scales 1, berserk 1,
MP-powered wands, sturdy frame 1
a: Renounce Religion, Evoke Invisibility, Berserk, Trog's Hand, Brothers in Arms


You were on level 1 of the Spider Nest.
You worshipped Trog.
Trog was extremely pleased with you.
You visited 5 branches of the dungeon, and saw 22 of its levels.
You also visited: Sewer.

You collected 2457 gold pieces.
You spent 1179 gold pieces at shops.

Inventory:

Hand Weapons
 a - the +7 dagger "Qadduk" {venom, *Rage Fly rElec rF+ Str+4}
   (You found it on level 1 of the Orcish Mines)

   It poisons the flesh of those it strikes.
   Str:       It affects your strength (+4).
   rF:        It protects you from fire.
   rElec:     It insulates you from electricity.
   Fly:       It grants you flight.
   *Rage:     It berserks you when you make melee attacks (+20% chance).
 b - a +9 quick blade of flaming (weapon)
 z - the +9 double sword of the Extremely Mad {vorpal, Will+ Str+4 Dex+2}
   (Trog gifted it to you on level 12 of the Dungeon)

   It inflicts extra damage upon your enemies.
   Str:       It affects your strength (+4).
   Dex:       It affects your dexterity (+2).
   Will:      It increases your willpower.
Missiles
 f - 148 bolts
Armour
 c - a +0 troll leather armour {Pargi}
 l - a scarf of invisibility (worn)
 p - a +2 cloak
 q - a +0 pair of gloves of infusion (worn)
 u - a +1 pair of gloves
 x - a +0 hat of see invisible (worn)
 A - a +2 buckler (worn)
 C - a +4 chain mail of poison resistance (worn)
 D - a +0 pair of boots (worn)
 N - a +1 scale mail of cold resistance
Jewellery
 m - a +6 ring of strength (left hand)
 v - an amulet of reflection (around neck)
 I - a +6 ring of dexterity (right hand)
Wands
 g - a wand of acid (9)
 i - a wand of polymorph (7)
 o - a wand of iceblast (4)
 w - a wand of flame (51)
 y - a wand of charming (6)
 G - a wand of digging (3)
Scrolls
 d - 15 scrolls of teleportation
 j - 4 scrolls of identify
 n - 4 scrolls of fog
 B - a scroll of enchant weapon
 F - 2 scrolls of magic mapping
 O - a scroll of holy word
Potions
 e - 10 potions of curing
 h - 3 potions of mutation
 k - 3 potions of magic
 r - a potion of heal wounds
 s - 5 potions of attraction
 t - 2 potions of brilliance
 H - a potion of might
 J - 2 potions of flight
 L - a potion of resistance {unknown}
Miscellaneous
 K - a piece from Xom's chessboard (14/15)
 R - a phial of floods


   Skills:
 + Level 11.5 Fighting
 - Level 18.0(18.2) Short Blades
 * Level 2.5(8.1) Long Blades
 - Level 10.5 Crossbows
 + Level 8.6 Armour
 + Level 12.1 Dodging
 + Level 12.0 Stealth
 - Level 5.6 Shields
 + Level 11.9 Evocations


You had 15 spell levels left.
You didn't know any spells.
Your spell library was empty.

Dungeon Overview and Level Annotations

Branches:
Dungeon (12/15)            Temple (1/1) D:6            Lair (6/6) D:11
  Snake (0/4) Lair:3       Spider (1/4) Lair:3        Slime (0/5) Lair:6
    Orc (2/2) D:11            Elf (0/3) Orc:2         Sewer (visited)

Altars:
Ashenzari
Cheibriados
Dithmenos
Elyvilon
Fedhas
Gozag
Hepliaklqana
Kikubaaqudgha
Makhleb
Nemelex Xobeh
Okawaru
Qazlal
Ru
Sif Muna
Trog
Uskayaw
Vehumet
Wu Jian
Xom
Yredelemnul
Zin
The Shining One

Shops:
D:5 *   D:9 *   D:11 [   D:12 ?   Orc:2 [*(*


Innate Abilities, Weirdness & Mutations

You are small and have problems with some larger weapons.
You are completely attuned to the shadows.
You are partially covered in iridescent scales. (AC +2)
You tend to lose your temper in combat.
You expend magic power (3 MP) to strengthen your wands.
Your movements are slightly less encumbered by armour. (ER -2)


Message History

Found a scroll of identify.
You hear an angry hiss. x2
The meliai hits you with a +0 broad axe.
* * * LOW HITPOINT WARNING * * *
You block the meliai's attack. The culicivora barely misses you.
The wolf spider closely misses you. x2
The meliai mumbles some strange prayers to its god against you.
Something smites you!
* * * LOW HITPOINT WARNING * * *
You block the culicivora's attack.
You hear an angry hiss.
You hear an angry buzzing noise.
The jumping spider pounces on you.
* * * LOW HITPOINT WARNING * * *
The jumping spider bites you but does no damage.
The meliai hits you with a +0 war axe!
* * * LOW HITPOINT WARNING * * *
The meliai barely misses you.
Unknown command.
You feel much better.
The jumping spider leaps!
The meliai calls down the wrath of its god upon you.
Something smites you!
* * * LOW HITPOINT WARNING * * *
You block the meliai's attack. The meliai closely misses you.
You block the wolf spider's attack. The wolf spider completely misses you.
The jumping spider leaps!
You hear an angry hiss.
You feel much better. You block the meliai's attack. x2
You block the wolf spider's attack. The wolf spider misses you.
You hear an angry hiss.
You hear an angry hiss.
You hear an angry buzzing noise.
The meliai invokes the aid of its god against you.
Something smites you!
* * * LOW HITPOINT WARNING * * *
The meliai calls down the wrath of its god upon you.
Something smites you!
* * * LOW HITPOINT WARNING * * *
The jumping spider leaps! x2
The meliai mumbles some strange prayers to its god against you.
Something smites you!
You die...

...#..#.^#..#..
...^.#...........
?..#..........#...
..#.#.°#.°...#......
...#..ys..#........#.
.......ys....#....#.#
.....ss#.......#.....
......#........#....
^.#@s............#.
##.........#°#.#^..#
##......#......^....#
#...................#
#..#..##...#.......##
###.......#......####
##..#.#....^...#..#
#.......#....#...##
####
#.....####...#####


You could see a wolf spider, a culicivora, 2 jumping spiders, a tarantella
(slow) and 2 meliai.

Vanquished Creatures
  Gastronok (D:10)
  4 orc warlords
  An entropy weaver (Lair:3)
  A boulder beetle (Lair:5)
  A jorogumo (Spider:1)
  A catoblepas (Lair:2)
  2 ogre magi (Orc:2)
  13 two-headed ogres
  7 hydras
  3 dancing weapons (D:11)
  3 death yaks (Lair:5)
  Nergalle (D:10)
  Urug (Orc:2)
  A pharaoh ant (Spider:1)
  A fire crab (Lair:6)
  2 deep trolls (Orc:1)
  2 orc knights
  5 wolf spiders (Spider:1)
  2 orc sorcerers
  An oklob plant (Lair:3)
  A moth of wrath (Spider:1)
  3 cyclopes
  5 elephants
  2 centaur zombies (D:12)
  6 black mambas
  A gargoyle (D:12)
  A torpor snail (Spider:1)
  11 cane toads
  Maggie (D:6)
  4 rime drakes
  3 demonic crawlers
  6 komodo dragons
  An unseen horror (D:10)
  A kobold demonologist (D:12)
  A tengu conjurer (D:10)
  11 polar bears
  12 trolls
  The ghost of Deminshera the Cutter, an amateur DsFi (D:5)
  A raiju (Lair:6)
  2 tarantellas (Spider:1)
  5 blink frogs
  A meliai zombie (D:12)
  14 dream sheep
  4 jumping spiders
  Sigmund (D:4)
  5 culicivoras (Spider:1)
  48 yaks
  A shadow (D:11)
  3 wyverns
  3 basilisks
  4 redbacks
  4 vampire mosquitoes
  Grum (D:10)
  13 wargs
  4 nagas (Lair:3)
  7 water moccasins
  16 hell hounds (Lair:6)
  An acid dragon (D:10)
  31 orc warriors
  Pargi (Sewer)
  2 ice beasts
  A hornet zombie (D:7)
  4 necrophages
  16 black bears
  19 ogres
  A tengu (D:8)
  6 centaurs (D:11)
  52 wolves
  2 phantoms (D:5)
  A kobold brigand (D:10)
  7 bullfrogs
  2 gnoll sergeants
  A wyvern zombie (D:8)
  A water moccasin zombie (D:5)
  2 scorpions
  A wyvern skeleton (D:7)
  9 killer bees (D:8)
  3 wights (D:12)
  2 electric eels (Lair:5)
  A howler monkey (D:9)
  3 hounds
  4 jellies
  17 orc priests
  A centaur skeleton (D:6)
  A bullfrog skeleton (D:4)
  Jessica (D:2)
  16 orc wizards
  3 iguanas
  2 killer bee zombies
  3 gnolls (D:9)
  3 adders
  A river rat (D:3)
  2 white imps
  3 ufetubi (D:6)
  2 worms (D:4)
  2 dart slugs (D:2)
  67 orcs
  9 ball pythons
  9 endoplasms
  3 giant cockroaches
  6 goblins
  9 hobgoblins
  3 jackals
  3 quokkas (D:3)
  4 bats
  2 frilled lizards
  10 kobolds
  6 rats
622 creatures vanquished.

Vanquished Creatures (others)
  42 fungi
  67 plants
  2 withered plants (D:12)
111 creatures vanquished.

Grand Total: 733 creatures vanquished

Notes
Turn   | Place    | Note
-------+----------+-------------------------------------------
     0 | D:1      | Majang the Kobold Berserker began the quest for the Orb.
     0 | D:1      | Reached XP level 1. HP: 14/14 MP: 1/1
   240 | D:1      | Reached XP level 2. HP: 19/19 MP: 2/2
   880 | D:1      | Noticed a smoke demon
   887 | D:1      | Found a faded altar of an unknown god.
   918 | D:2      | Reached XP level 3. HP: 24/24 MP: 3/3
   922 | D:2      | Reached skill level 5 in Short Blades
  1283 | D:2      | Noticed Jessica
  1293 | D:2      | Killed Jessica
  1294 | D:2      | Reached skill level 1 in Crossbows
  1294 | D:2      | Reached XP level 4. HP: 28/29 MP: 4/4
  1353 | D:2      | Reached ** piety under Trog
  1679 | D:3      | Reached XP level 5. HP: 6/33 MP: 5/5
  2216 | D:3      | Found a glowing drain.
  2220 | Sewer    | Entered a sewer
  2240 | Sewer    | Noticed Pargi
  2245 | Sewer    | Killed Pargi
  2246 | Sewer    | Reached skill level 6 in Short Blades
  2246 | Sewer    | Reached XP level 6. HP: 38/38 MP: 6/6
  3130 | D:4      | Reached XP level 7. HP: 44/44 MP: 7/7
  3140 | D:4      | Reached *** piety under Trog
  3816 | D:4      | Noticed Sigmund
  3829 | D:4      | Killed Sigmund
  3830 | D:4      | Reached skill level 7 in Short Blades
  3830 | D:4      | Reached skill level 1 in Evocations
  4054 | D:5      | Entered Level 5 of the Dungeon
  4071 | D:5      | Reached XP level 8. HP: 30/48 MP: 8/8
  4527 | D:5      | Reached skill level 5 in Fighting
  4537 | D:5      | Reached skill level 5 in Crossbows
  4658 | D:5      | Noticed a yak
  4786 | D:5      | Reached skill level 8 in Short Blades
  4847 | D:5      | Found Xidumoz's General Store.
  4935 | D:5      | Found a runed translucent gate.
  4935 | D:5      | Found a runed translucent gate.
  4935 | D:5      | Found a runed translucent gate.
  4936 | D:5      | Noticed Deminshera's ghost (amateur DsFi)
  5476 | D:6      | Found a staircase to the Ecumenical Temple.
  5485 | Temple   | Entered the Ecumenical Temple
  5728 | D:6      | Noticed Maggie
  5752 | D:6      | Gained mutation: You tend to lose your temper in combat.
                  | [potion of mutation]
  5752 | D:6      | Gained mutation: Your movements are slightly less
                  | encumbered by armour. (ER -2) [potion of mutation]
  5752 | D:6      | Gained mutation: You expend magic power (3 MP) to
                  | strengthen your wands. [potion of mutation]
  5752 | D:6      | Gained mutation: You are partially covered in iridescent
                  | scales. (AC +2) [potion of mutation]
  5758 | D:6      | Killed Maggie
  5759 | D:6      | Reached skill level 5 in Dodging
  5759 | D:6      | Reached XP level 9. HP: 18/54 MP: 9/9
  6419 | D:6      | Reached skill level 9 in Short Blades
  7605 | D:8      | Reached **** piety under Trog
  7756 | D:5      | Bought a +4 chain mail of poison resistance for 399 gold
                  | pieces
  8049 | D:8      | Reached skill level 1 in Shields
  8142 | D:8      | Reached skill level 10 in Short Blades
  8142 | D:8      | Reached XP level 10. HP: 55/60 MP: 8/10
  8840 | D:9      | Noticed a two-headed ogre
  8849 | D:9      | Killed a two-headed ogre
  8850 | D:9      | Reached skill level 5 in Evocations
  9111 | D:9      | Noticed a two-headed ogre
  9210 | D:9      | Found Woetoenk's Assorted Antiques.
  9239 | D:9      | Noticed a two-headed ogre
  9244 | D:9      | Killed a two-headed ogre
  9470 | D:9      | Found a blossoming altar of Fedhas.
  9514 | D:9      | Reached skill level 11 in Short Blades
  9529 | D:9      | Reached skill level 1 in Stealth
  9699 | D:10     | Entered Level 10 of the Dungeon
  9892 | D:10     | Noticed Nergalle
  9934 | D:10     | Killed Nergalle
  9935 | D:10     | Reached XP level 11. HP: 35/67 MP: 0/11
 10144 | D:10     | Noticed Gastronok
 10159 | D:10     | Killed Gastronok
 10486 | D:10     | Reached skill level 5 in Armour
 10931 | D:10     | Noticed Grum
 10950 | D:10     | Killed Grum
 11416 | D:11     | Noticed an elephant
 11425 | D:11     | Reached skill level 12 in Short Blades
 11612 | D:11     | Noticed a two-headed ogre
 11633 | D:11     | Killed a two-headed ogre
 11634 | D:11     | Reached skill level 10 in Crossbows
 11903 | D:11     | Found a staircase to the Lair.
 11914 | D:11     | Found a staircase to the Orcish Mines.
 12122 | D:11     | Found a runed translucent door.
 12124 | D:11     | Noticed a +0 demon blade of pain
 12165 | D:11     | Killed an elephant
 12431 | D:11     | Noticed a two-headed ogre
 12456 | D:11     | Killed a two-headed ogre
 12457 | D:11     | Reached XP level 12. HP: 66/73 MP: 9/12
 12512 | D:11     | Found Qacaifi's Armour Shop.
 12945 | Lair:1   | Entered Level 1 of the Lair of Beasts
 13358 | Lair:1   | Noticed a four-headed hydra
 13359 | Lair:1   | Noticed a six-headed hydra
 13362 | Lair:1   | Killed a four-headed hydra
 13363 | Lair:1   | Reached skill level 5 in Stealth
 13366 | Lair:1   | Killed a six-headed hydra
 13545 | Lair:1   | Noticed a seven-headed hydra
 13582 | Lair:1   | Killed a seven-headed hydra
 13583 | Lair:1   | Reached skill level 13 in Short Blades
 15067 | Lair:2   | Reached XP level 13. HP: 75/79 MP: 10/13
 15144 | Lair:2   | Reached ***** piety under Trog
 15327 | Lair:2   | Noticed a catoblepas
 15344 | Lair:2   | Killed a catoblepas
 15345 | Lair:2   | Reached skill level 14 in Short Blades
 16468 | Lair:3   | Noticed an eight-headed hydra
 16475 | Lair:3   | Killed an eight-headed hydra
 16476 | Lair:3   | Reached skill level 5 in Shields
 16667 | Lair:3   | Found a hole to the Spider Nest.
 16879 | Lair:3   | Found a staircase to the Snake Pit.
 19083 | Lair:4   | Reached skill level 15 in Short Blades
 19695 | Lair:5   | Reached XP level 14. HP: 82/86 MP: 11/14
 20218 | Lair:5   | Identified the +3 dagger "Deiptaq" {vorpal, SInv} (Trog
                  | gifted it to you on level 5 of the Lair of Beasts)
 20218 | Lair:5   | Received a gift from Trog
 20219 | Lair:5   | Reached skill level 10 in Dodging
 21780 | Lair:6   | Entered Level 6 of the Lair of Beasts
 22112 | Lair:6   | Reached skill level 16 in Short Blades
 22195 | Lair:6   | Reached skill level 10 in Fighting
 22736 | Lair:6   | Found a staircase to the Slime Pits.
 23705 | Lair:6   | Reached skill level 10 in Evocations
 23731 | Lair:6   | Received a gift from Trog
 23776 | Lair:6   | Reached skill level 10 in Stealth
 24609 | D:11     | Found a hide-covered altar of Uskayaw.
 24668 | D:11     | Reached XP level 15. HP: 91/93 MP: 15/15
 24700 | Orc:1    | Entered Level 1 of the Orcish Mines
 24709 | Orc:1    | Noticed an orc warlord
 24749 | D:11     | Killed an orc warlord
 25220 | Orc:1    | Reached skill level 17 in Short Blades
 25404 | Orc:1    | Noticed an orc warlord
 25451 | D:11     | Killed an orc warlord
 25618 | Orc:1    | Received a gift from Trog
 25718 | Orc:1    | Noticed an orc warlord
 25785 | Orc:1    | Killed an orc warlord
 25809 | Orc:1    | Noticed an orc warlord
 25902 | D:11     | Killed an orc warlord
 26259 | Orc:1    | Identified the +7 dagger "Qadduk" {venom, *Rage Fly rElec
                  | rF+ Str+4}
 26315 | Orc:1    | Identified a scroll of acquirement
 26316 | Orc:1    | Acquired a scarf of invisibility
 26493 | Orc:2    | Entered Level 2 of the Orcish Mines
 26499 | Orc:2    | Found a staircase to the Elven Halls.
 26705 | Orc:2    | Noticed Urug
 26720 | Orc:2    | Killed Urug
 28658 | Orc:2    | Found Midukhor's Antique Weapon Emporium.
 28723 | Orc:2    | Found Miosauss's General Store.
 28728 | Orc:2    | Found Gisuhiw's General Store.
 28733 | Orc:2    | Bought an amulet of reflection for 420 gold pieces
 28746 | Orc:2    | Found Fokh's Antique Armour Boutique.
 28993 | Orc:1    | Reached skill level 18 in Short Blades
 29580 | D:5      | Killed Deminshera's ghost
 29611 | D:5      | Identified the +1 robe "Qaogasee" {Int+4 SInv}
 29782 | D:7      | Acquired a manual of Evocations
 30046 | D:12     | Identified the +9 double sword of the Extremely Mad
                  | {vorpal, Will+ Str+4 Dex+2} (Trog gifted it to you on level
                  | 12 of the Dungeon)
 30046 | D:12     | Received a gift from Trog
 30706 | D:12     | Found Cegy's Magic Scroll Emporium.
 30713 | D:12     | Bought a scroll of enchant weapon for 90 gold pieces
 30713 | D:12     | Bought a scroll of enchant weapon for 90 gold pieces
 30713 | D:12     | Bought a scroll of enchant weapon for 90 gold pieces
 30713 | D:12     | Bought a scroll of blinking for 90 gold pieces
 30723 | D:12     | Reached skill level 1 in Long Blades
 30873 | D:12     | Reached XP level 16. HP: 100/100 MP: 7/16
 31666 | Spider:1 | Entered Level 1 of the Spider Nest
 32744 | Spider:1 | HP: 4/100 [meliai (7)]
 32748 | Spider:1 | Killed from afar by a meliai

Illustrated notes

Levels and vault maps discovered:
D:1:      wander_arrival_lonely_grave, layout_rooms,
          dreamdust_ecumenical_altar_sealed_demon, minmay_stone_trees_small
D:2:      layout_rooms, uniq_jessica
D:3:      layout_loops_ring, gup_sewer_entry_bowl, minmay_surrounded
D:4:      layout_basic, uniq_sigmund
D:5:      layout_basic, gammafunk_ghost_split, serial_shops,
          nicolae_shop_waterfront
D:6:      layout_cave_pools, minmay_temple_entry_grid, uniq_maggie
D:7:      layout_loops_ring
D:8:      nicolae_whirlpool, layout_loops_ring
D:9:      layout_roguey, mainiacjoe_overflow_tiny_flanked, serial_shops,
          shop_statue
D:10:     layout_basic, lightli_fourway_metalbox, uniq_grum, uniq_gastronok,
          uniq_nergalle
D:11:     layout_loops_cross, david_lair_generic, minmay_orc_entry_guard_dogs,
          serial_shops, nicolae_shop_hallway_stairs, nicolae_danse_macabre
D:12:     layout_stronghold, serial_undead, serial_undead_d, serial_undead_b,
          serial_undead_a, serial_undead_f, serial_shops,
          nicolae_shop_advertising_works [nicolae_subvault_shop_adworks]
Temple:   dpeg_three_leaves_temple
Lair:1:   layout_cave_pods, grunt_megastairs_4
Lair:2:   layout_cave_pods, st_stairs_4, infiniplex_staircase_pool_2
Lair:3:   dpeg_oklob_shooting_range, layout_loops_ring,
          minmay_snake_entry_guardpost_small, spider_nest_entry_a
Lair:4:   layout_cave_pods, grunt_forest_large_clearings
Lair:5:   layout_regular_city, serial_bayou_shore_b, grunt_megastairs_2,
          serial_bayou_shore_a, serial_bayou_shore_b
Lair:6:   hangedman_lair_caniforms_friends, layout_small_grid,
          nicolae_slime_entry_slimehenge
Spider:1: layout_spider_delve
Orc:1:    layout_caves, minmay_orc_treasury
Orc:2:    st_orc_open, layout_caves, uniq_urug

Skill      XL: |  1  2  3  4  5  6  7  8  9 10 11 12 13 14 15 16 |
---------------+-------------------------------------------------+-----
Short Blades   | 5 6 7 8 10 11 12 13 15 16 18 | 18.0
Crossbows      | 1 2 3 4 6 7 9 10 | 10.5
Fighting       | 4 5 6 7 8 9 10 11 | 11.5
Dodging        | 3 4 5 6 7 8 9 10 11 12 | 12.1
Armour         | 2 3 4 5 6 7 8 |  8.6
Evocations     | 1 3 4 5 6 7 8 10 11 | 11.9
Shields        | 1 2 3 4 5 |  5.6
Stealth        | 2 4 6 8 10 11 12 | 12.0
Long Blades    | 1 2 |  2.5

Action                   |  1- 3 |  4- 6 |  7- 9 | 10-12 | 13-15 | 16-18 || total
-------------------------+-------+-------+-------+-------+-------+-------++-------
Melee: Short sword       |    96 |   118 |   408 |   815 |  1463 |       ||  2900
       Quick blade       |       |       |       |       |   888 |   155 ||  1043
Invok: Berserk           |     1 |     4 |     3 |     8 |    12 |     1 ||    29
Evoke: Wand              |       |       |     1 |    18 |    26 |       ||    45
       Piece from Xom's  |       |       |       |       |     2 |     1 ||     3
  Use: Scroll            |       |     3 |       |    16 |    11 |     4 ||    34
       Potion            |       |     1 |     3 |       |     1 |     4 ||     9
 Stab: Sleeping          |     1 |     2 |       |     1 |    10 |     2 ||    16
       Paralysed         |       |       |       |     6 |     4 |       ||    10
       Distracted        |       |       |       |       |     9 |     2 ||    11
       Betrayed ally     |       |       |       |       |     1 |       ||     1
Armor: Animal skin       |     6 |       |       |       |       |       ||     6
       Scale mail        |       |    24 |     7 |       |       |       ||    31
       Chain mail        |       |       |    18 |   184 |   428 |    23 ||   653
       Plate armour      |       |       |   114 |       |       |       ||   114
       Skin              |       |       |     1 |       |       |       ||     1
Dodge: Dodged            |    68 |    38 |   138 |   310 |   950 |   104 ||  1608
Block: Buckler           |       |       |    25 |   180 |   598 |    98 ||   901
       Reflection        |       |       |       |       |     2 |       ||     2

Table legend: (Time is in decaauts)
 A = Elapsed time spent in this place.
 B = Non-inter-level travel time spent in this place.
 C = Inter-level travel time spent in this place.
 D = Time resting spent in this place.
 E = Time spent auto-exploring this place.
 F = Levels seen in this place.
 G = Mean time per level.
                   A        B        C        D        E       F      G
               +--------+--------+--------+--------+--------+-----+--------+
         Total |  31414 |  29760 |   1654 |   9478 |  14018 |  23 | 1365.8 |
       Dungeon |  15198 |  14263 |    935 |   3779 |   8276 |  12 | 1266.5 |
        Temple |     83 |     83 |      0 |      0 |      0 |   1 |   83.0 |
          Lair |  11725 |  11208 |    517 |   4214 |   4571 |   6 | 1954.2 |
   Spider Nest |    389 |    389 |      0 |    141 |     20 |   1 |  389.0 |
  Orcish Mines |   3798 |   3597 |    201 |   1273 |   1125 |   2 | 1899.0 |
         Sewer |    218 |    218 |      0 |     68 |     26 |   1 |  218.0 |
               +--------+--------+--------+--------+--------+-----+--------+

Top non-repeatable levels by time:
  Lair:4: 2570 daAuts
    D:11: 2401 daAuts
  Lair:6: 2341 daAuts
   Orc:1: 2170 daAuts
  Lair:5: 1949 daAuts
  Lair:3: 1823 daAuts
    D:10: 1672 daAuts
   Orc:2: 1628 daAuts
  Lair:1: 1561 daAuts
     D:5: 1515 daAuts
  Lair:2: 1478 daAuts
    D:12: 1458 daAuts
     D:4: 1246 daAuts
     D:8: 1177 daAuts
     D:3: 1172 daAuts
